 Dungeon Crawl Stone Soup version 0.28.0-45-g0d030f2227 (webtiles) character file.

Game seed: 13702838667679059391

51 nickcage the Cudgeller (level 3, -4/30 HPs)
             Began as a Minotaur Gladiator on Apr 13, 2022.
             Slain by Edmund
             ... wielding a +6 flail of holy wrath
              (6 damage)
             ... on level 4 of the Dungeon.
             The game lasted 00:03:01 (1441 turns).

nickcage the Cudgeller (Minotaur Gladiator)         Turns: 1441, Time: 00:03:02

Health: -4/30      AC:  3    Str: 20    XL:     3   Next: 58%
Magic:  2/2        EV: 12    Int:  5    God:
Gold:   72         SH:  0    Dex: 11    Spells: 2/2 levels left

rFire   . . .      SeeInvis .   a - +0 flail
rCold   . . .      Faith    .   (no shield)
rNeg    . . .      Spirit   .   b - +0 leather armour
rPois   .          Reflect  .   c - +0 hat
rElec   .          Harm     .   (no cloak)
rCorr   .          Rampage  .   (no gloves)
Will    .....                   (no boots)
Stlth   +.........              (no amulet)
HPRegen 0.10/turn               (no ring)
MPRegen 0.08/turn               (no ring)

@: slowed, very slow
A: horns 2, retaliatory headbutt
a: no special abilities


You were on level 4 of the Dungeon.
You visited 1 branch of the dungeon, and saw 3 of its levels.

You collected 72 gold pieces.

Inventory:

Hand Weapons
 a - a +0 flail (weapon)
Missiles
 d - 3 throwing nets (quivered)
Armour
 b - a +0 leather armour (worn)
 c - a +0 hat (worn)
Scrolls
 f - 2 scrolls of teleportation {unknown}
 h - a scroll of fear {unknown}
Potions
 e - 2 potions of curing {unknown}
 g - a potion of attraction {unknown}
 i - 2 potions of magic {unknown}


   Skills:
 - Level 2.4 Fighting
 + Level 5.6 Maces & Flails
 - Level 2.0 Throwing
 - Level 3.2 Dodging


You had 2 spell levels left.
You didn't know any spells.
Your spell library contained the following spells:

 Spells                   Type           Power      Damage    Failure   Level
 Sandblast                Erth           0%         2d4       54%         1
 Passwall                 Tmut/Erth      0%         N/A       67%         2
 Ignite Poison            Fire/Tmut/Pois 0%         N/A       88%         3
 Mephitic Cloud           Conj/Pois/Air  0%         N/A       88%         3
 Stone Arrow              Conj/Erth      0%         3d7       88%         3
 Freezing Cloud           Conj/Ice/Air   0%         6-21      100%        5


Dungeon Overview and Level Annotations

Branches:
Dungeon (2/15)             Temple (0/1) D:4

Altars:

Annotations:
D:4 Edmund, Natasha


Innate Abilities, Weirdness & Mutations

You have a pair of horns on your head.
You reflexively headbutt those who attack you in melee.


Message History

No target in view!
You see here a ball python corpse.
There is a stone staircase leading down here.
You see here 24 sling bullets.
A sourceless malevolence fills the Dungeon...
You fall into a shaft and drop 2 floors!
The shaft crumbles and collapses.
An orc and an endoplasm come into view.
The orc shouts!
The endoplasm quivers.
Found 2 ruby potions and 3 gold pieces.
Found a stone staircase leading down.
You sock the orc!
You kill the orc!
You sock the endoplasm!
You kill the endoplasm!
No target in view!
i - 2 ruby potions You now have 69 gold pieces (gained 3).
You now have 72 gold pieces (gained 3).
You open the door.
Edmund the Younger comes into view.
He is wielding a +6 flail of holy wrath.
Found a staircase to the Ecumenical Temple.
Edmund shouts!
You hear an angry hiss.
There is an open door here.
You closely miss Edmund.
Natasha, Servant of Life and Death comes into view.
Edmund hits you with a +6 flail of holy wrath!
You barely miss Edmund. Your headbutt misses Edmund. Edmund closely misses you.
You closely miss Edmund.
Edmund clears his throat.
Edmund hits you with a +6 flail of holy wrath!
* * * LOW HITPOINT WARNING * * *
Natasha stares at you and mumbles some strange words.
You feel yourself slow down.
You hit Edmund.
Edmund is lightly wounded.
Edmund hits you with a +6 flail of holy wrath.
* * * LOW HITPOINT WARNING * * *
Edmund hits you with a +6 flail of holy wrath.
You die...

..# ..# ###########.####
...?...#.......#
8.8....#.......#
.⌠.....@.......# .
>.8.h.@#.......# .
.⌠.....#.......# ..
8.8....#.......#######..
.....###................
##... ####..........##+
### #...........)>
#.............
#.............


You could see Edmund and Natasha.

Vanquished Creatures
  A gnoll (D:1)
  An adder (D:2)
  An orc (D:4)
  6 endoplasms
  2 giant cockroaches
  2 goblins
  4 hobgoblins
  3 kobolds
  A quokka (D:1)
  3 ball pythons (D:2)
  A bat (D:2)
  2 frilled lizards (D:1)
  4 rats
31 creatures vanquished.

Notes
Turn   | Place    | Note
-------+----------+-------------------------------------------
     0 | D:1      | nickcage the Minotaur Gladiator began the quest for the
                  | Orb.
     0 | D:1      | Reached XP level 1. HP: 18/18 MP: 0/0
    94 | D:1      | Reached skill level 4 in Maces & Flails
    95 | D:1      | Reached XP level 2. HP: 21/25 MP: 1/1
   470 | D:1      | Reached skill level 5 in Maces & Flails
   705 | D:1      | Found a faded altar of an unknown god.
   866 | D:2      | Reached XP level 3. HP: 30/30 MP: 2/2
  1415 | D:2      | You fall into a shaft and drop 2 floors!
  1437 | D:4      | Found a staircase to the Ecumenical Temple.
  1437 | D:4      | Noticed Edmund
  1438 | D:4      | Noticed Natasha
  1441 | D:4      | Slain by Edmund

Illustrated notes

Levels and vault maps discovered:
D:1:      evilmike_arrival_crescent, layout_rooms,
          shapermc_ecumenical_altar_mp_ritualfount, serial_aquarium,
          aquarium_bridge_square [aquarium_subvault_bridge,
          aquarium_subvault_wall, aquarium_subvault_bridge,
          aquarium_subvault_bridge], aquarium_bridge_straight
          [aquarium_subvault_bridge, aquarium_subvault_balcony,
          aquarium_subvault_bridge, aquarium_subvault_window],
          aquarium_window_1, aquarium_window_corridor_3, aquarium_window_1,
          aquarium_view_2d, minmay_pentomino_p2
D:2:      layout_loops_ring, minmay_cupped
D:4:      minmay_clustersquares, layout_basic,
          grunt_dithmenos_smoke_and_mirrors,
          minmay_temple_entry_statues_fountains, gammafunk_ghost_grave,
          uniq_natasha, uniq_edmund, uniq_robin

Skill      XL: |  1  2 |
---------------+-------+-----
Maces & Flails | 4 5 |  5.6
Fighting       | |  2.4
Throwing       | |  2.0
Dodging        | |  3.2

Action                   || total
-------------------------++-------
Melee: Flail             ||    53
       Headbutt          ||     7
Armor: Leather armour    ||     9
Dodge: Dodged            ||    20
